 Dungeon Crawl Stone Soup version 0.30.1-9-gdf580d7c3d (webtiles) character file.

Game seed: 4589574654500904624

936 FishyPogo the Ruffian (level 7, 0/67 HPs)
             Began as a Troll Transmuter on Sept 29, 2023.
             Splashed by a jelly's acid (8 damage)
             ... on level 5 of the Dungeon.
             The game lasted 00:07:55 (3129 turns).

FishyPogo the Ruffian (Troll Transmuter)            Turns: 3129, Time: 00:07:57

Health: 0/67       AC: -12   Str: 21    XL:     7   Next: 87%
Magic:  10/10      EV:  9    Int:  9    God:
Gold:   173        SH:  0    Dex: 10    Spells: 8/11 levels left

rFire   . .          .
                       - Unarmed
rCold   . . .        (no shield)
rNeg    . . .        a - +0 robe
rPois   +            (helmet currently unavailable)
rElec   .            (no cloak)
rCorr   .            (gloves unavailable)
SInv    .            (boots unavailable)
Will    .....        (no amulet)
Stlth   +            r - ring of poison resistance
HPRegen 1.11/turn    (no ring)
MPRegen 0.12/turn

%: no passive effects
@: appendages (expiring), corroded
A: horns 2, talons 2, large, unfitting armour, claws 3, regeneration 1, shaggy
fur 1, tough skin 1
a: End Transformation


You were on level 5 of the Dungeon.
You had temporarily grown beastly horns and talons.
You visited 1 branch of the dungeon, and saw 5 of its levels.

You collected 173 gold pieces.

Inventory:

Hand Weapons
 i - a +3 great sword of protection
 k - the +5 spear of Cuetzace {heavy, rF+ rC+ Int+3}
   (You found it on level 3 of the Dungeon)

   Int:       It affects your intelligence (+3).
   rF:        It protects you from fire.
   rC:        It protects you from cold.
Missiles
 h - 21 stones
 m - 5 poisoned darts
 s - 6 boomerangs
Armour
 a - a +0 robe (worn)
Jewellery
 r - a ring of poison resistance (left claw)
Scrolls
 c - 2 scrolls of teleportation {unknown}
 d - 7 scrolls of identify {unknown}
 e - 2 scrolls of poison {unknown}
 l - 3 scrolls of fog {unknown}
Potions
 b - a potion of lignification
 f - a potion of haste {unknown}
 g - a potion of attraction {unknown}
 j - 2 potions of might {unknown}
 n - 2 potions of mutation {unknown}
 o - a potion of cancellation {unknown}
 p - a potion of degeneration {unknown}
 q - 2 potions of curing {unknown}


   Skills:
 + Level 3.3 Fighting
 + Level 2.4 Polearms
 - Level 1.5 Dodging
 - Level 4.4 Unarmed Combat
 + Level 2.8 Spellcasting
 + Level 3.2 Transmutations
 - Level 2.0 Poison Magic


You had 8 spell levels left.
You knew the following spells:

 Your Spells              Type           Power      Damage    Failure   Level
a - Beastly Appendage     Tmut           14%        N/A       8%          1
b - Wereblood             Tmut           7%         N/A       12%         2

Your spell library contained the following spells:

 Spells                   Type           Power      Damage    Failure   Level
 Spider Form              Tmut/Pois      6%         N/A       30%         3
 Ice Form                 Ice/Tmut       4%         N/A       83%         4
 Anguish                  Hex/Necr       0%         N/A       97%         4
 Cause Fear               Hex            0%         N/A       97%         4
 Enfeeble                 Hex            0%         N/A       100%        7


Dungeon Overview and Level Annotations

Branches:
Dungeon (5/15)
 Temple: D:4-7

Altars:
Ashenzari
Gozag
Okawaru
Uskayaw

Shops:
D:4 :


Innate Abilities, Weirdness & Mutations

You have temporarily grown beastly horns and talons.
You are too large for most types of armour.
You have claws for hands.
Your natural rate of healing is unusually fast.
You are covered in fur. (AC +1)
You have tough skin. (AC +1)


Message History

Casting: Wereblood (safe; 12% risk of failure)
Confirm with . or Enter, or press ? or * to list all spells.
You grow a pair of large bovine horns.
Your feet morph into talons.
The gnoll barely misses you.
You scratch the gnoll. Your kick misses the gnoll.
The gnoll is heavily wounded.
You scratch the gnoll. You claw the gnoll, but do no damage.
The gnoll is severely wounded.
The gnoll hits you with a +0 whip.
* * * LOW HITPOINT WARNING * * *
You claw the gnoll!
You kill the gnoll!
Throw: 6 boomerangs
Press: ? - help, Shift-Dir - straight line, f - jelly
Aim: a jelly (89% to hit)
You throw a boomerang. The boomerang hits the jelly.
The jelly is lightly wounded.
The jelly closely misses you.
You claw the jelly! The acid corrodes you!
Your claws burn!
* * * LOW HITPOINT WARNING * * *
You headbutt the jelly. You claw the jelly, but do no damage.
The jelly is severely wounded.
The jelly barely misses you.
You scratch the jelly but do no damage.
Your claws burn!
* * * LOW HITPOINT WARNING * * *
You headbutt the jelly, but do no damage.
The jelly is severely wounded.
Your transformation is almost over.
The jelly misses you.
You scratch the jelly.
Your claws burn!
* * * LOW HITPOINT WARNING * * *
The jelly is almost dead.
You scratch the jelly but do no damage.
Your claws burn!
* * * LOW HITPOINT WARNING * * *
You claw the jelly, but do no damage.
The jelly is almost dead.
The jelly hits you.
* * * LOW HITPOINT WARNING * * *
You are splashed with acid!
You die...

#.# #.#
#.# #.#
#)# #)#
#)#
#.#####..
#@J......
#..)......
#.####...#
#. #.# #.
. #. ##


You could see a jelly.

Vanquished Creatures
  Grinder (D:4)
  Sigmund (D:2)
  A scorpion (D:4)
  A howler monkey (D:5)
  3 hounds
  A jelly (D:5)
  A gnoll bouda (D:5)
  3 iguanas
  An orc wizard (D:5)
  7 gnolls (D:5)
  7 adders
  3 dart slugs
  6 orcs
  10 endoplasms
  A giant cockroach (D:3)
  9 goblins
  11 hobgoblins
  2 kobolds (D:2)
  8 quokkas
  9 ball pythons
  4 bats
  A frilled lizard (D:1)
  10 rats
101 creatures vanquished.

Notes
Turn   | Place    | Note
-------+----------+-------------------------------------------
     0 | D:1      | FishyPogo the Troll Transmuter began the quest for the Orb.
     0 | D:1      | Reached XP level 1. HP: 18/18 MP: 1/1
    48 | D:1      | Reached XP level 2. HP: 21/26 MP: 0/3
    50 | D:1      | Reached skill level 1 in Fighting
    53 | D:1      | Learned a level 2 spell: Wereblood
   382 | D:1      | Reached XP level 3. HP: 33/33 MP: 2/4
   536 | D:2      | Noticed Sigmund
   546 | D:2      | Killed Sigmund
   547 | D:2      | Reached skill level 4 in Unarmed Combat
   547 | D:2      | Reached skill level 1 in Poison Magic
   547 | D:2      | Reached XP level 4. HP: 34/42 MP: 3/5
   547 | D:2      | Reached XP level 5. HP: 39/49 MP: 3/6
   745 | D:2      | Found an opulent altar of Gozag.
  1156 | D:3      | Identified the +5 spear of Cuetzace {heavy, rF+ rC+ Int+3}
  1839 | D:3      | Reached XP level 6. HP: 57/57 MP: 8/8
  1959 | D:4      | Found Leig's Book Shoppe.
  2250 | D:4      | Noticed Grinder
  2256 | D:4      | Paralysed by Grinder for 3 turns
  2269 | D:4      | Killed Grinder
  2270 | D:4      | Reached skill level 1 in Polearms
  2270 | D:4      | Reached XP level 7. HP: 25/66 MP: 7/9
  2443 | D:4      | Found an iron altar of Okawaru.
  2765 | D:5      | Entered Level 5 of the Dungeon
  2766 | D:5      | Found a hide-covered altar of Uskayaw.
  2890 | D:5      | Found a broken altar of Ashenzari.
  3129 | D:5      | Splashed by a jelly's acid

Illustrated notes

Levels and vault maps discovered:
D:1:      minmay_arrival_glassed_features, layout_rooms
D:2:      layout_rooms, basic_altar, uniq_sigmund
D:3:      layout_basic
D:4:      layout_cave_pods, okawaru_metal_pillars_1_2, serial_shops, shop,
          uniq_grinder
D:5:      layout_basic, nicolae_ru_path_of_blood,
          eat_drink_and_be_merry_uskayaw, lemuel_doored_altar

Skill      XL: |  1  2  3  4  5  6  7 |
---------------+----------------------+-----
Fighting       | 1 2 3 |  3.3
Unarmed Combat | 4 |  4.4
Transmutations | 2 3 |  3.2
Poison Magic   | 1 2 |  2.0
Spellcasting   | 2 |  2.8
Polearms       | 1 2 |  2.4
Dodging        | |  1.5

Action                     |  1- 3 |  4- 6 |  7- 9 || total
---------------------------+-------+-------+-------++-------
  Melee: Unarmed           |    73 |   123 |    69 ||   265
         Kick              |     1 |    15 |    13 ||    29
         Headbutt          |     3 |     8 |    14 ||    25
         Punch             |     1 |     1 |     3 ||     5
  Throw: Boomerang         |       |       |     1 ||     1
   Cast: Beastly Appendage |     8 |    20 |    13 ||    41
         Wereblood         |       |     1 |     2 ||     3
   Stab: Sleeping          |       |       |     1 ||     1
 Armour: Robe              |    20 |    27 |     5 ||    52
  Dodge: Dodged            |    23 |    56 |    27 ||   106
